 Dungeon Crawl Stone Soup version 0.30.1-3-gfc49f6343a (webtiles) character file.

Game seed: 13430801621600388495

337 Almogavar the Cudgeller (level 6, -7/38 HPs)
             Began as a Gargoyle Fighter on Aug 4, 2023.
             Killed by divine providence
             ... invoked by an orc priest
              (13 damage)
             ... on level 4 of the Dungeon.
             The game lasted 00:06:30 (3350 turns).

Almogavar the Cudgeller (Gargoyle Fighter)          Turns: 3350, Time: 00:06:33

Health: -7/38      AC: 18    Str: 21    XL:     6   Next: 54%
Magic:  6/6        EV:  8    Int:  9    God:
Gold:   255        SH:  0    Dex:  9    Spells: 5/5 levels left

rFire   . . .        a - +0 flail
rCold   + . .        c - +0 buckler
rNeg    + . .        j - +3 chain mail {rC+}
rPois   ∞            p - +0 helmet
rElec   +            (no cloak)
rCorr   .            (no gloves)
SInv    .            (no boots)
Will    .....        (no amulet) Stlth
                     (no ring)
HPRegen 0.26/turn    (no ring)
MPRegen 0.10/turn

%: no passive effects
@: confused
A: sickness immunity, AC +4, negative energy resistance 1, electricity
resistance, torment resistance 1, petrification resistance
a: no special abilities


You were on level 4 of the Dungeon.
You visited 1 branch of the dungeon, and saw 5 of its levels.

You collected 255 gold pieces.

Inventory:

Hand Weapons
 a - a +0 flail (weapon)
Armour
 c - a +0 buckler (worn)
 j - a +3 chain mail of cold resistance (worn)
 p - a +0 helmet (worn)
Magical Staves
 m - a staff of poison
Jewellery
 e - a ring of fire
 v - a ring of magical power
Wands
 k - a wand of charming (13)
Scrolls
 g - 2 scrolls of teleportation {unknown}
 l - a scroll of noise {unknown}
 o - a scroll of immolation {unknown}
 q - a scroll of vulnerability {unknown}
 r - a scroll of blinking {unknown}
 s - a scroll of brand weapon {unknown}
 w - 2 scrolls of identify {unknown}
 x - a scroll of magic mapping {unknown}
Potions
 b - a potion of magic {unknown}
 d - a potion of might
 f - 4 potions of curing {unknown}
 h - a potion of mutation {unknown}
 i - a potion of brilliance {unknown}
 n - a potion of degeneration {unknown}
 t - a potion of resistance {unknown}
 u - a potion of haste {unknown}


   Skills:
 + Level 4.3 Fighting
 + Level 4.8 Maces & Flails
 + Level 4.7 Armour
 - Level 0.1 Dodging
 + Level 4.1 Shields


You had 5 spell levels left.
You didn't know any spells.
Your spell library contained the following spells:

 Spells                   Type           Power      Damage    Failure   Level
 Freeze                   Ice            0%         1d3       97%         1
 Kiss of Death            Conj/Necr      0%         2d5       97%         1
 Ensorcelled Hibernation  Hex/Ice        0%         N/A       99%         2
 Confusing Touch          Hex            0%         N/A       100%        3
 Frozen Ramparts          Ice            0%         1d1       100%        3
 Hailstorm                Conj/Ice       0%         3d3       100%        3
 Spider Form              Tmut/Pois      0%         N/A       100%        3
 Anguish                  Hex/Necr       0%         N/A       100%        4
 Dispel Undead            Necr           0%         3d6       100%        4


Dungeon Overview and Level Annotations

Branches:
Dungeon (5/15)
 Temple: D:4-7

Altars:
Kikubaaqudgha
Nemelex Xobeh


Innate Abilities, Weirdness & Mutations

You are immune to sickness and miasma.
Your stone body is resilient. (AC +4)
You are immune to poison.
You resist negative energy. (rN+)
You are resistant to electric shocks. (rElec)
You are resistant to unholy torment.
You are immune to petrification.


Message History

The orc priest casts a cantrip, but nothing happens.
You barely miss the orc wizard. The quokka bites you.
The orc wizard hits you but does no damage.
The orc barely misses you. The quokka barely misses you.
You hit the orc wizard but do no damage.
The orc wizard hits you but does no damage.
The quokka bites you but does no damage.
You block the orc wizard's attack. The orc barely misses you.
The orc priest looks encouraged for a moment.
You block the orc wizard's attack.
You barely miss the orc wizard.
The quokka bites you but does no damage.
The orc priest invokes the aid of Beogh against you.
Beogh smites you! The orc wizard barely misses you.
The quokka barely misses you.
You hit the orc wizard.
The orc wizard is lightly wounded.
The orc wizard hits you but does no damage.
The orc closely misses you.
The quokka bites you but does no damage.
The orc wizard hits you but does no damage.
Unknown command.
You closely miss the orc wizard.
The orc wizard is lightly wounded.
The orc hits you with a +0 hand axe. You block the orc's attack.
The orc wizard gestures at you while chanting.
You are confused.
The quokka bites you but does no damage.
You bump into the rock wall.
The orc barely misses you. The quokka barely misses you.
The orc barely misses you.
The orc wizard hits you but does no damage. x2
Unknown command.
You hit the orc.
The orc is moderately wounded.
The quokka bites you. The orc hits you with a +0 hand axe.
The orc hits you with a +0 flail.
* * * LOW HITPOINT WARNING * * *
The orc priest mumbles some strange prayers to Beogh against you.
Beogh smites you!
You die...

#....#
##.[##.. ....
##.#..#
#..... ....
#.##..#
##....# ##..
####..#
#..### ##.
##..# ##.##
## #...##
#..# #
##...###..# #
###......###
##
###..###..o@#
##. #...##
##.roo.# #...
#.###
##.o......
.... #.#
#.........
..## #.#
##..##...# ##
# ### #.##
...# # ..#
..# #. ..# ##
... .#.


You could see an orc priest, an orc wizard, 2 orcs and a quokka.

Vanquished Creatures
  A scorpion (D:4)
  A hound (D:4)
  Jessica (D:3)
  Terence (D:2)
  2 iguanas
  5 adders
  An ufetubus (D:4)
  2 worms
  3 dart slugs
  6 orcs
  9 ball pythons
  8 endoplasms
  4 giant cockroaches
  3 goblins
  7 hobgoblins
  6 jackals
  3 quokkas (D:3)
  6 bats
  2 frilled lizards (D:2)
  6 kobolds
  3 rats
80 creatures vanquished.

Notes
Turn   | Place    | Note
-------+----------+-------------------------------------------
     0 | D:1      | Almogavar the Gargoyle Fighter began the quest for the Orb.
     0 | D:1      | Reached XP level 1. HP: 14/14 MP: 1/1
   144 | D:1      | Reached XP level 2. HP: 18/19 MP: 2/2
   551 | D:1      | Found a faded altar of an unknown god.
   562 | D:1      | Reached XP level 3. HP: 21/24 MP: 3/3
   994 | D:2      | Noticed Terence
  1007 | D:2      | Killed Terence
  1173 | D:2      | Reached XP level 4. HP: 29/29 MP: 4/4
  1821 | D:3      | Noticed Jessica
  1828 | D:3      | Killed Jessica
  1829 | D:3      | Reached XP level 5. HP: 21/33 MP: 5/5
  2377 | D:3      | You fall into a shaft and drop 1 floor!
  2555 | D:3      | Found an ancient bone altar of Kikubaaqudgha.
  2555 | D:3      | Found a sparkling altar of Nemelex Xobeh.
  2636 | D:5      | Entered Level 5 of the Dungeon
  2655 | D:4      | Reached XP level 6. HP: 33/38 MP: 6/6
  3350 | D:4      | Killed from afar by an orc priest

Illustrated notes

Levels and vault maps discovered:
D:1:      dpeg_arrival_rhombus, layout_basic, serial_rivers,
          chequers_serial_rivers_small_b, chequers_serial_rivers_micro_a,
          chequers_serial_rivers_micro_a, chequers_serial_rivers_small_b,
          hellmonk_ecumenical_altar_prayer_group, chequers_serial_rivers_micro_b
D:2:      layout_loops_ring, uniq_terence
D:3:      layout_basic, mainiacjoe_overflow_divided_tiny,
          minmay_fractal_squares_5, uniq_jessica
D:4:      layout_layer_cave
D:5:      layout_loops_corners, general_overflow_altar,
          mainiacjoe_overflow_tiny_flanked, temple_green, uniq_blork_the_orc,
          uniq_grinder, uniq_ijyb

Skill      XL: |  1  2  3  4  5 |
---------------+----------------+-----
Maces & Flails | 3 4 |  4.8
Armour         | 4 |  4.7
Fighting       | 4 |  4.3
Shields        | 4 |  4.1
Dodging        | |  0.1

Action                     |  1- 3 |  4- 6 || total
---------------------------+-------+-------++-------
  Melee: Flail             |    94 |   192 ||   286
 Armour: Scale mail        |    55 |       ||    55
         Chain mail        |       |   145 ||   145
  Dodge: Dodged            |    37 |    82 ||   119
  Block: Buckler           |    25 |    35 ||    60
